 Dungeon Crawl Stone Soup version 0.20.1-1-g8b1a95d (webtiles) character file.

8783 slep the Carver (level 11, -4/68 HPs)
             Began as a Gargoyle Fighter on Oct 24, 2017.
             Was a Priest of the Shining One.
             Slain by a merfolk impaler
             ... wielding a +0 trident of flaming
              (12 damage)
             ... on level 1 of the Shoals.
             The game lasted 00:57:36 (7341 turns).

slep the Carver (Gargoyle Fighter)                  Turns: 7341, Time: 00:57:40

Health: -4/68      AC: 21    Str: 21    XL:     11   Next: 36%
Magic:  11/11      EV: 12    Int:  8    God:    the Shining One [***...]
Gold:   656        SH: 11    Dex: 12    Spells: 10/10 levels left

rFire    . . .     SeeInvis .   H - +4 falchion (distort)
rCold    . . .     Gourm    .   c - +0 shield
rNeg     + + .     Faith    .   b - +0 scale mail
rPois    ∞         Spirit   .   (no helmet)
rElec    +         Reflect  .   s - +1 cloak {rPois}
rCorr    .         Harm     .   (no gloves)
MR       .....                  h - +0 pair of boots
Stlth    ..........             E - amulet of magic regeneration
Regen    0.3/turn               p - +1 ring of slaying
MPRegen  0.2/turn               (no ring)

@: hasted, glowing, very quick
A: repulsion field 1, iridescent scales 1, negative energy resistance 1,
electricity resistance, wild magic 1, unbreathing, petrification resistance, rot
immunity, AC +7
a: Divine Shield, Renounce Religion


You were on level 1 of the Shoals.
You worshipped the Shining One.
The Shining One was most pleased with you.
You were not hungry.

You visited 3 branches of the dungeon, and saw 11 of its levels.

You collected 656 gold pieces.

Inventory:

Hand Weapons
 a - a +0 long sword
 r - a -1 dagger
 D - the +1 flail of Resourcefulness {flame, *Corrode rPois MR++, unknown}
   (You found it on level 2 of the Lair of Beasts)

   It has been specially enchanted to burn those struck by it, causing extra
   injury to most foes and up to half again as much damage against particularly
   susceptible opponents.
   It protects you from poison.
   It affects your resistance to hostile enchantments.
   It may corrode you when you take damage.
 H - a +4 falchion of distortion (weapon)
Missiles
 O - 4 tomahawks (quivered)
Armour
 b - a +0 scale mail (worn)
 c - a +0 shield (worn)
 h - a +0 pair of boots (worn)
 q - a +0 robe of the Archmagi
 s - a +1 cloak of poison resistance (worn)
 A - a scarf of cloud immunity
 J - a +0 cloak
Magical Staves
 k - an uncursed staff of energy
Jewellery
 p - a +1 ring of slaying (left hand)
 z - an uncursed ring of loudness
 E - an amulet of magic regeneration (around neck)
 Q - an uncursed amulet of rage {unknown}
Wands
 j - a wand of polymorph (6/24)
 w - a wand of digging (13/24)
 x - a wand of flame (0/48)
 C - a wand of polymorph (8/24)
 N - a wand of disintegration (13/24)
Scrolls
 e - 7 scrolls of remove curse
 g - 3 scrolls of enchant armour {unknown}
 m - 4 scrolls of immolation {unknown}
 o - a scroll of fog {unknown}
 u - 6 scrolls of identify {unknown}
 y - a scroll of random uselessness {unknown}
 B - a scroll of magic mapping {unknown}
 G - a scroll of teleportation {unknown}
 P - a scroll of silence {unknown}
 T - a scroll of recharging {unknown}
Potions
 d - 3 potions of might
 i - 2 potions of haste
 l - 2 potions of invisibility
 v - 4 potions of curing
 I - 2 potions of magic
 K - a potion of flight {unknown}
 M - a potion of brilliance {unknown}
Books
 R - a book of Cantrips

   Spells                             Type                      Level
   a - Confusing Touch                Hexes                        1
   b - Animate Skeleton               Necromancy                   1
   c - Summon Small Mammal            Summoning                    1
   d - Apportation                    Translocation                1
Comestibles
 f - 5 bread rations
 n - 2 chunks of flesh
 t - 2 royal jellies
 F - 7 fruits
 L - 2 meat rations


   Skills:
 + Level 7.9 Fighting
 + Level 10.9 Long Blades
 + Level 7.4 Armour
 + Level 3.7 Dodging
 + Level 2.0 Stealth
 + Level 9.0 Shields
 + Level 0.2 Unarmed Combat
 + Level 0.6 Evocations


You had 10 spell levels left.
You didn't know any spells.

Dungeon Overview and Level Annotations

Branches:
Dungeon (8/15)             Temple (0/1) D:4            Lair (2/6) D:8
 Shoals (1/4) Lair:2        Snake (0/4) Lair:2

Altars:
Ashenzari
Dithmenos
Gozag
Ru
Xom
The Shining One


Innate Abilities, Weirdness & Mutations

You are resistant to torment.
Your stone body is resilient. (AC +7)
You are immune to poison.
You resist negative energy. (rN+)
You are resistant to electric shocks. (rElec)
You can survive without breathing.
You are immune to petrification.
You are immune to rotting.
You are surrounded by a mild repulsion field. (EV +2)
You are partially covered in iridescent scales. (AC +2)
Your spells are a little harder to cast, but a little more powerful.


Message History

You fall into the shallow water.
Moving in this stuff is going to be slow.
You start resting.
The merfolk impaler shouts!
The merfolk impaler closely misses you.
You riposte.
You slash the merfolk impaler!
Space bends around the merfolk impaler.
The merfolk impaler is moderately wounded.
The merfolk impaler hits you with a trident of flaming!!
* * * LOW HITPOINT WARNING * * *
The merfolk impaler burns you!
* * * LOW HITPOINT WARNING * * *
You feel yourself speed up.
The merfolk impaler hits you but does no damage.
You feel better.
The merfolk impaler hits you with a trident of flaming!
* * * LOW HITPOINT WARNING * * *
The merfolk impaler burns you.
* * * LOW HITPOINT WARNING * * *
The merfolk impaler hits you with a trident of flaming!
You die...

≈≈≈≈≈≈≈≈≈≈≈. ≈≈≈≈
≈≈≈≈....≈≈. ..≈≈≈
≈.......# ####..≈≈≈
....≈.# ##....≈≈≈≈ ≈≈≈
#....######.....≈≈≈≈ ≈≈≈.
#...##.....)≈≈≈≈≈≈≈
≈≈≈..##...###.........≈≈≈
≈≈≈....!(.m...........≈≈≈
≈≈≈.....((.@..........≈..
≈###.###..(..≈≈≈...###.##
#. #.....≈≈≈≈≈..# #
##.##.......≈≈≈..##..
#.....[.....≈≈≈......
...>...(....≈≈≈....≈≈≈
...###.......≈≈≈≈≈≈≈≈≈
#.. #.....#.≈≈≈≈≈≈≈≈≈
######.......≈≈≈≈≈≈≈≈≈


You could see a merfolk impaler.

Vanquished Creatures
  A black mamba (Lair:2)
  A spiny frog (Lair:2)
  A komodo dragon (Lair:2)
  A merfolk (Shoals:1)
  2 hippogriffs
  Sigmund (D:3)
  3 yaks (Lair:2)
  2 wargs (D:8)
  4 water moccasins
  A porcupine (Lair:2)
  The ghost of Vylera the Changer, an amateur OpTm (D:5)
  3 orc warriors
  2 sky beasts (D:8)
  2 necrophages (D:8)
  2 phantoms
  5 centaurs
  An ogre (D:8)
  7 wolves
  3 crocodiles (Lair:1)
  4 bullfrogs
  A wyvern skeleton (D:5)
  2 scorpions (D:5)
  6 killer bees (D:7)
  A howler monkey (D:4)
  2 electric eels (Lair:2)
  3 crimson imps
  2 hounds (D:4)
  8 orc wizards
  Crazy Yiuf (D:3)
  A bullfrog skeleton (D:4)
  4 orc priests
  3 centaur skeletons
  Ijyb (D:3)
  3 iguanas
  4 worker ants
  A killer bee zombie (D:8)
  A hound zombie (D:6)
  7 gnolls
  8 adders
  A shadow imp (D:6)
  An ooze (D:2)
  2 adder skeletons
  3 worms
  3 dart slugs
  4 leopard geckos
  23 orcs
  11 bats
  2 giant cockroaches (D:4)
  3 goblins
  13 hobgoblins
  9 jackals
  A quokka (D:3)
  A ball python (D:1)
  7 frilled lizards
  8 kobolds
  A quokka skeleton (D:7)
  A quokka zombie (D:6)
  11 rats
211 creatures vanquished.

Vanquished Creatures (others)
  The ghost of Luzer the Bludgeoner, a journeyman GrFi of Okawaru (Lair:2)
  A merfolk avatar (Shoals:1)
  A spiny frog (Lair:2)
  A komodo dragon (Lair:1)
  A merfolk (Shoals:1)
  A hippogriff (Lair:2)
  A yak (Lair:2)
  A sky beast (D:7)
  An ogre (D:8)
  A bullfrog (D:6)
  A wyvern skeleton (D:7)
  2 crimson imps
  An adder skeleton (D:5)
  A jackal (D:7)
  A leopard gecko zombie (D:8)
  A plant (Lair:2)
17 creatures vanquished.

Grand Total: 228 creatures vanquished

Notes
Turn   | Place    | Note
-------+----------+-------------------------------------------
     0 | D:1      | slep the Gargoyle Fighter began the quest for the Orb.
     0 | D:1      | Reached XP level 1. HP: 14/14 MP: 1/1
    96 | D:1      | Reached XP level 2. HP: 4/19 MP: 2/2
   601 | D:1      | Reached XP level 3. HP: 24/24 MP: 3/3
   789 | D:2      | Reached skill level 2 in Long Blades
   869 | D:2      | Reached XP level 4. HP: 28/29 MP: 4/4
  1041 | D:2      | Found a shadowy altar of Dithmenos.
  1317 | D:2      | Found a sacrificial altar of Ru.
  1501 | D:3      | Noticed Ijyb
  1503 | D:3      | Gained mutation: Your spells are a little easier to cast, but a little less powerful. [potion of mutation]
  1503 | D:3      | Lost mutation: Your spells are a little easier to cast, but a little less powerful. [potion of mutation]
  1503 | D:3      | Gained mutation: Your flesh is heat resistant. (rF+) [potion of mutation]
  1519 | D:3      | Killed Ijyb
  1519 | D:3      | Reached skill level 3 in Long Blades
  1519 | D:3      | Reached XP level 5. HP: 30/33 MP: 5/5
  1623 | D:3      | Noticed Sigmund
  1676 | D:3      | HP: 1/33 [gnoll/halberd (7)]
  1693 | D:3      | Killed Sigmund
  1693 | D:3      | Reached XP level 6. HP: 5/39 MP: 6/6
  1848 | D:3      | Reached skill level 4 in Long Blades
  1894 | D:3      | Found a shattered altar of Ashenzari.
  2280 | D:3      | Found a runed door.
  2289 | D:3      | Lost mutation: Your flesh is heat resistant. (rF+) [potion of mutation]
  2289 | D:3      | Gained mutation: You are partially covered in iridescent scales. (AC +2) [potion of mutation]
  2289 | D:3      | Gained mutation: You are surrounded by a mild repulsion field. (EV +2) [potion of mutation]
  2290 | D:3      | Noticed Crazy Yiuf
  2317 | D:3      | Killed Crazy Yiuf
  2434 | D:3      | Reached skill level 1 in Stealth
  2550 | D:4      | Found a glowing golden altar of the Shining One.
  2575 | D:4      | Reached XP level 7. HP: 40/44 MP: 7/7
  2585 | D:4      | Reached skill level 5 in Shields
  2594 | D:4      | Became a worshipper of the Shining One
  2746 | D:4      | Reached skill level 1 in Dodging
  2831 | D:4      | Reached skill level 5 in Long Blades
  2835 | D:4      | Found a staircase to the Ecumenical Temple.
  3066 | D:5      | Entered Level 5 of the Dungeon
  3076 | D:5      | Reached XP level 8. HP: 43/48 MP: 8/8
  3094 | D:5      | Reached skill level 5 in Fighting
  3245 | D:5      | Reached * piety under the Shining One
  3287 | D:5      | Noticed Vylera's ghost (amateur OpTm)
  3294 | D:5      | Killed Vylera's ghost
  3325 | D:5      | Reached skill level 6 in Long Blades
  3369 | D:5      | Found an opulent altar of Gozag.
  3933 | D:6      | Reached skill level 5 in Armour
  4267 | D:6      | Found a shimmering altar of Xom.
  4337 | D:6      | Reached skill level 7 in Long Blades
  4337 | D:6      | Reached XP level 9. HP: 55/55 MP: 9/9
  4487 | D:7      | Reached ** piety under the Shining One
  5096 | D:7      | Reached skill level 8 in Long Blades
  5402 | D:8      | Found a staircase to the Lair.
  5519 | D:8      | Reached XP level 10. HP: 52/61 MP: 10/10
  5721 | D:8      | Reached skill level 9 in Long Blades
  5842 | D:8      | Reached *** piety under the Shining One
  5927 | D:8      | Gained mutation: Your spells are a little harder to cast, but a little more powerful. [mutagenic meat]
  6006 | Lair:1   | Entered Level 1 of the Lair of Beasts
  6055 | Lair:1   | You fall through a shaft!
  6059 | Lair:2   | Noticed a black mamba
  6092 | Lair:2   | Killed a black mamba
  6128 | Lair:2   | Reached skill level 10 in Long Blades
  6216 | Lair:2   | Found a staircase to the Snake Pit.
  6305 | Lair:2   | Noticed Luzer's ghost (journeyman GrFi)
  6603 | Lair:2   | Banished Luzer's ghost
  6603 | Lair:2   | Reached XP level 11. HP: 44/67 MP: 11/11
  6654 | Lair:2   | Got a crude flail
  6887 | Lair:2   | Found a staircase to the Shoals.
  7128 | Shoals:1 | Entered Level 1 of the Shoals
  7128 | Shoals:1 | Noticed a merfolk impaler
  7128 | Shoals:1 | Noticed a merfolk avatar
  7180 | Shoals:1 | Banished a merfolk avatar
  7341 | Shoals:1 | Slain by a merfolk impaler

Skill      XL: |  1  2  3  4  5  6  7  8  9 10 11 |
---------------+----------------------------------+-----
Fighting       | 4 5 6 7 |  7.9
Long Blades    | 2 3 4 5 7 8 10 | 10.9
Shields        | 4 5 6 7 8 9 |  9.0
Armour         | 4 5 6 7 |  7.4
Stealth        | 1 2 |  2.0
Dodging        | 1 2 3 |  3.7
Unarmed Combat | |  0.2
Evocations     | |  0.6

Action                   |  1- 3 |  4- 6 |  7- 9 | 10-12 || total
-------------------------+-------+-------+-------+-------++-------
Melee: Long sword        |   115 |   172 |   125 |       ||   412
       Unarmed           |       |    21 |       |       ||    21
       Falchion          |       |       |   204 |   175 ||   379
Throw: Tomahawk          |       |       |       |     2 ||     2
Evoke: Wand              |       |     5 |       |       ||     5
  Use: Potion            |       |    10 |     2 |     6 ||    18
       Scroll            |       |       |     2 |       ||     2
 Stab: Invisible         |       |     5 |       |       ||     5
  Eat: Chunk             |       |     5 |    11 |     7 ||    23
Armor: Scale mail        |    57 |    89 |   153 |    52 ||   351
Dodge: Dodged            |    38 |    52 |   125 |    54 ||   269
Block: Shield            |    71 |    85 |   136 |    87 ||   379
       Rpst.: Long sword |     6 |    16 |    13 |       ||    35
       Falchion          |       |       |    17 |    15 ||    32
